 Dungeon Crawl Stone Soup version 0.30-a0-168-g0b976cbdc4 (webtiles) character file.

Game seed: 8434558307325379554

774 qw the Chopper (level 7, -11/44 HPs)
             Began as a Gargoyle Fighter on Sept 29, 2022.
             Mangled by a wight
             ... wielding a +2 morningstar of distortion
              (17 damage)
             ... on level 4 of the Dungeon.
             The game lasted 00:01:44 (3785 turns).

qw the Chopper (Gargoyle Fighter)                   Turns: 3785, Time: 00:01:45

Health: -11/44     AC: 19    Str: 21    XL:     7   Next: 84%
Magic:  7/7        EV:  5    Int:  9    God:
Gold:   168        SH:  9    Dex:  9    Spells: 6/6 levels left

rFire   . . .      SeeInvis .    j - +0 war axe (vamp)
rCold   . . .      Faith    .    c - +0 buckler
rNeg    + . .      Spirit   .    o - +0 plate armour
rPois   inf        Reflect  +    a - +1 helmet
rElec   +          Harm     .    n - +0 cloak
rCorr   .          Rampage  .    (no gloves)
Will    .....                    (no boots)
Stlth   ..........               i - amulet of reflection
HPRegen 0.14/turn                (no ring)
MPRegen 0.10/turn                (no ring)

@: no status effects
A: sickness immunity, AC +4, negative energy resistance 1, electricity
resistance, torment resistance 1, petrification resistance, sense surroundings
1, MP-powered wands
a: no special abilities


You were on level 4 of the Dungeon.
You visited 1 branch of the dungeon, and saw 4 of its levels.

You collected 168 gold pieces.


Innate Abilities, Weirdness & Mutations

You are immune to sickness and miasma.
Your stone body is resilient. (AC +4)
You are immune to poison.
You resist negative energy. (rN+)
You are resistant to electric shocks. (rElec)
You are resistant to unholy torment.
You are immune to petrification.
You passively map a small area around you.
You expend magic power (3 MP) to strengthen your wands.


   Skills:
 + Level 4.8 Fighting
 - Level 7.1 Axes
 - Level 4.0 Armour
 - Level 3.2 Shields


You had 6 spell levels left.
You didn't know any spells.
Your spell library was empty.

Inventory:

Hand Weapons
 b - a +0 flail
 j - a +0 vampiric war axe (weapon)
Missiles
 f - 2 boomerangs (quivered)
Armour
 a - a +1 helmet (worn)
 c - a +0 buckler (worn)
 n - a +0 cloak (worn)
 o - a +0 plate armour (worn)
Jewellery
 e - a ring of wizardry
 i - an amulet of reflection (around neck)
Scrolls
 g - a scroll of identify
Potions
 d - 2 potions of might
 h - a potion of magic {unknown}
 k - a potion of resistance
 l - a potion of mutation

Dungeon Overview and Level Annotations

Branches:
Dungeon (4/15)
 Temple: D:4-7

Altars:
Nemelex Xobeh
Xom


Message History

You destroy the wight!
You hit the wight.
The wight is moderately damaged.
The wight hits you but does no damage.
You closely miss the wight.
The wight is moderately damaged.
The wight hits you but does no damage. The wight hits you with a +0 falchion.
You closely miss the wight.
The wight is moderately damaged.
The wight hits you with a +0 falchion.
You completely miss the wight.
The wight is moderately damaged.
The wight hits you but does no damage.
You closely miss the wight.
The wight is moderately damaged.
You block the wight's attack.
You barely miss the wight.
The wight is moderately damaged.
The wight barely misses you.
You slash the wight!
You destroy the wight!
Your Axes skill increases to level 7!
You hit the wight.
The wight is lightly damaged.
The wight hits you but does no damage. Space warps horribly around you!
You block the wight's attack.
You closely miss the wight.
The wight is lightly damaged.
You block the wight's attack.
You closely miss the wight.
The wight is lightly damaged.
The wight hits you with a +2 morningstar of distortion.
Space warps horribly around you!
You closely miss the wight.
The wight is lightly damaged.
You block the wight's attack.
You closely miss the wight.
The wight is lightly damaged.
The wight hits you but does no damage. Space warps horribly around you!
You die...

* , , #.####..g._.g.# ,,
* * #...##.##...### # *
##....##.#^#
#.#*###..#####.#.#
#...#.....#..##### #
####....##...#.#
#..###..............#
#.....#########...##
#.....)z@..####>..###
#.^....####.....)....###
#...... ####.........##
#...... ##.#.#>....##
#..z..?* #.#.#.#<)...
#...... #.#.#..#.###
#..z... #...##.#.#*
#...... * #.####.#.. ,
#.# #.####


You could see a wight.

Vanquished Creatures
  An ice beast (D:4)
  An ogre (D:4)
  4 wights (D:4)
  4 crimson imps (D:4)
  An iguana (D:4)
  2 orc wizards (D:3)
  Robin (D:2)
  4 adders
  An ufetubus (D:4)
  A worm (D:4)
  A dart slug (D:1)
  7 orcs
  5 bats
  7 endoplasms
  A giant cockroach (D:4)
  21 goblins
  7 hobgoblins
  8 jackals
  5 quokkas
  9 ball pythons
  4 frilled lizards (D:2)
  6 kobolds
  7 rats
108 creatures vanquished.

Vanquished Creatures (others)
  A kobold (D:4)
1 creature vanquished.

Grand Total: 109 creatures vanquished

Notes
Turn   | Place    | Note
-------+----------+-------------------------------------------
     0 | D:1      | qw the Gargoyle Fighter began the quest for the Orb.
     0 | D:1      | Reached XP level 1. HP: 14/14 MP: 1/1
     0 | D:1      | 0 ||| qw: Version: 0.2-a-12-gaebbb33
     0 | D:1      | 0 ||| qw: Game counter: 1211
     0 | D:1      | 0 ||| qw: Always use a shield: true
     0 | D:1      | 0 ||| qw: God list: Okawaru
     0 | D:1      | 0 ||| qw: Allow faded altars: false
     0 | D:1      | 0 ||| qw: Do Orc after D:15 true
     0 | D:1      | 0 ||| qw: Do second Lair branch before Depths: true
     0 | D:1      | 0 ||| qw: Lair rune preference: random
     0 | D:1      | 0 ||| qw: Plans: Normal, Zot:1-4, God:TSO, Crypt, Tomb,
                  | Pan, Slime:5, Hells, Abyss, Orb
     0 | D:1      | 0 ||| PLANNING D:1-11
    73 | D:1      | 73 ||| Stepping ~*~*~tactically~*~*~ (stealth).
    78 | D:1      | Reached skill level 2 in Axes
    80 | D:1      | 80 ||| Stepping ~*~*~tactically~*~*~ (stealth).
    84 | D:1      | 84 ||| Stepping ~*~*~tactically~*~*~ (stealth).
   100 | D:1      | 100 ||| Stepping ~*~*~tactically~*~*~ (stealth).
   104 | D:1      | 104 ||| Stepping ~*~*~tactically~*~*~ (stealth).
   107 | D:1      | 107 ||| Stepping ~*~*~tactically~*~*~ (stealth).
   115 | D:1      | 115 ||| Stepping ~*~*~tactically~*~*~ (stealth).
   158 | D:1      | Reached XP level 2. HP: 17/19 MP: 2/2
   319 | D:1      | 319 ||| Stepping ~*~*~tactically~*~*~ (stealth).
   320 | D:1      | 320 ||| Stepping ~*~*~tactically~*~*~ (stealth).
   323 | D:1      | 323 ||| Stepping ~*~*~tactically~*~*~ (stealth).
   466 | D:1      | 466 ||| Stepping ~*~*~tactically~*~*~ (stealth).
   469 | D:1      | Reached skill level 3 in Axes
   474 | D:1      | Reached XP level 3. HP: 16/23 MP: 3/3
  1024 | D:1      | 1024 ||| READING scroll labelled OKEF PI MEMUOCS.
  1025 | D:1      | 1025 ||| READING 2 scrolls labelled ECUINECULO.
  1026 | D:1      | 1026 ||| READING scroll labelled ONIUTHR TAJUBB.
  1027 | D:1      | 1027 ||| READING scroll labelled CIYWNU ITREMYR.
  1028 | D:1      | 1028 ||| READING 2 scrolls labelled HUUNLE INTO.
  1029 | D:1      | 1029 ||| DRINKING 2 bubbling emerald potions.
  1029 | D:1      | Gained mutation: You expend magic power (3 MP) to
                  | strengthen your wands. [potion of mutation]
  1029 | D:1      | Gained mutation: You passively map a small area around you.
                  | [potion of mutation]
  1125 | D:2      | Noticed Robin
  1139 | D:2      | Killed Robin
  1140 | D:2      | Reached XP level 4. HP: 18/28 MP: 4/4
  1316 | D:2      | Found a faded altar of an unknown god.
  1449 | D:2      | Reached skill level 4 in Axes
  1533 | D:2      | Found a sparkling altar of Nemelex Xobeh.
  1912 | D:2      | 1912 ||| Stepping ~*~*~tactically~*~*~ (hiding).
  2363 | D:2      | 2363 ||| UPGRADING to +0 helmet.
  2368 | D:2      | 2368 ||| UPGRADING to +0 cloak.
  2373 | D:2      | 2373 ||| UPGRADING to +0 plate armour.
  2383 | D:2      | 2383 ||| DROPPING +0 scale mail.
  2384 | D:2      | 2384 ||| READING scroll of enchant armour.
  2384 | D:2      | 2384 ||| ENCHANTING +0 helmet.
  2385 | D:2      | 2385 ||| UPGRADING to amulet of reflection.
  2390 | D:2      | 2390 ||| READING scroll labelled RUGEM NEXZIPSU.
  2391 | D:2      | 2391 ||| DRINKING 2 sapphire potions.
  2492 | D:2      | 2492 ||| DRINKING 3 white potions.
  2493 | D:2      | 2493 ||| READING 3 scrolls of identify.
  2493 | D:2      | 2493 ||| IDENTIFYING bubbling white potion
  2494 | D:2      | 2494 ||| DROPPING potion of ambrosia.
  2553 | D:3      | 2553 ||| Stepping ~*~*~tactically~*~*~ (stealth).
  2559 | D:3      | 2559 ||| DROPPING +0 whip.
  2598 | D:3      | 2598 ||| Stepping ~*~*~tactically~*~*~ (stealth).
  2615 | D:3      | Reached XP level 5. HP: 32/32 MP: 5/5
  2799 | D:3      | 2799 ||| DRINKING 2 potions of curing.
  2799 | D:3      | 2799 ||| (to cure confusion)
  2804 | D:3      | 2804 ||| DRINKING potion of curing.
  2804 | D:3      | 2804 ||| (to cure confusion)
  2808 | D:3      | Reached skill level 5 in Axes
  2851 | D:3      | 2851 ||| Stepping ~*~*~tactically~*~*~ (stealth).
  2930 | D:3      | 2930 ||| Stepping ~*~*~tactically~*~*~ (stealth).
  3051 | D:3      | 3051 ||| Stepping ~*~*~tactically~*~*~ (stealth).
  3052 | D:3      | 3052 ||| Stepping ~*~*~tactically~*~*~ (stealth).
  3255 | D:3      | 3255 ||| READING 3 scrolls of identify.
  3255 | D:3      | 3255 ||| IDENTIFYING smoky brown potion
  3256 | D:3      | 3256 ||| READING 2 scrolls of identify.
  3256 | D:3      | 3256 ||| IDENTIFYING viscous white potion
  3257 | D:3      | 3257 ||| DROPPING potion of invisibility.
  3258 | D:3      | 3258 ||| DROPPING potion of brilliance.
  3331 | D:4      | Noticed an ice beast
  3348 | D:4      | Killed an ice beast
  3349 | D:4      | Reached XP level 6. HP: 40/40 MP: 6/6
  3355 | D:4      | Found a shimmering altar of Xom.
  3359 | D:4      | 3359 ||| Stepping ~*~*~tactically~*~*~ (hiding).
  3360 | D:4      | 3360 ||| Stepping ~*~*~tactically~*~*~ (hiding).
  3436 | D:4      | Reached skill level 6 in Axes
  3436 | D:4      | Reached XP level 7. HP: 33/44 MP: 7/7
  3457 | D:4      | 3457 ||| FLEEEEING.
  3458 | D:4      | 3458 ||| FLEEEEING.
  3459 | D:4      | 3459 ||| FLEEEEING.
  3460 | D:4      | 3460 ||| FLEEEEING.
  3461 | D:4      | 3461 ||| FLEEEEING.
  3462 | D:4      | 3462 ||| FLEEEEING.
  3467 | D:4      | 3467 ||| FLEEEEING.
  3468 | D:4      | 3468 ||| FLEEEEING.
  3469 | D:4      | 3469 ||| FLEEEEING.
  3470 | D:4      | 3470 ||| FLEEEEING.
  3471 | D:4      | 3471 ||| FLEEEEING.
  3472 | D:4      | 3472 ||| FLEEEEING.
  3476 | D:4      | 3476 ||| FLEEEEING.
  3480 | D:4      | 3480 ||| FLEEEEING.
  3481 | D:4      | 3481 ||| FLEEEEING.
  3482 | D:4      | 3482 ||| FLEEEEING.
  3483 | D:4      | 3483 ||| FLEEEEING.
  3484 | D:4      | 3484 ||| FLEEEEING.
  3486 | D:4      | 3486 ||| FLEEEEING.
  3487 | D:4      | 3487 ||| FLEEEEING.
  3488 | D:4      | 3488 ||| FLEEEEING.
  3489 | D:4      | 3489 ||| STAIRDANCE
  3536 | D:3      | 3536 ||| READING scroll labelled MEH ZOGROI.
  3760 | D:4      | 3760 ||| Stepping ~*~*~tactically~*~*~ (hiding).
  3761 | D:4      | 3761 ||| Stepping ~*~*~tactically~*~*~ (hiding).
  3762 | D:4      | 3762 ||| Stepping ~*~*~tactically~*~*~ (hiding).
  3764 | D:4      | 3764 ||| Stepping ~*~*~tactically~*~*~ (hiding).
  3781 | D:4      | Reached skill level 7 in Axes
  3783 | D:4      | HP: 6/44 [wight/+2 morningstar of distortion (15)]
  3785 | D:4      | Mangled by a wight

Levels and vault maps discovered:
D:1:      dpeg_arrival_arbitrary_a, layout_basic, palyth_stone_intersect
D:2:      wad_crossroads, layout_basic, nicolae_ecumenical_snake_handling,
          basic_altar, minmay_misc_feat_plants, st_stairs_14,
          serial_park_tiny_pond, uniq_robin
D:3:      layout_loops_ring
D:4:      layout_rooms, mainiacjoe_overflow_swirl, led_xom_imps, uniq_eustachio

Skill      XL: |  1  2  3  4  5  6  7 |
---------------+----------------------+-----
Axes           | 2 3 4 5 6 7 |  7.1
Fighting       | 4 |  4.8
Armour         | 4 |  4.0
Shields        | |  3.2

Action                   |  1- 3 |  4- 6 |  7- 9 || total
-------------------------+-------+-------+-------++-------
Melee: War axe           |    71 |   219 |    62 ||   352
Throw: Boomerang         |       |     1 |    11 ||    12
  Use: Scroll            |     5 |     5 |     1 ||    11
       Potion            |     1 |     4 |       ||     5
Armor: Scale mail        |    34 |    39 |       ||    73
       Plate armour      |       |    67 |    33 ||   100
Dodge: Dodged            |    31 |    64 |    11 ||   106
Block: Buckler           |    11 |    70 |    33 ||   114
       Reflection        |       |     5 |       ||     5

Table legend:
 A = Non-vault XP
 B = Vault XP
 C = Vault XP percentage of total XP
 D = Non-vault monster count
 E = Vault monster count
 F = Vault count percentage of total count
                 A         B        C        D         E       F
            +---------+---------+-------+---------+---------+-------
      Total |     853 |     254 |  22.9 |      81 |      27 |  25.0
            +---------+---------+-------+---------+---------+-------
        D:1 |      48 |       0 |   0.0 |      26 |       0 |   0.0
        D:2 |      41 |      54 |  56.8 |      11 |      23 |  67.6
        D:3 |     138 |       0 |   0.0 |      28 |       0 |   0.0
        D:4 |     626 |     200 |  24.2 |      16 |       4 |  20.0
            +---------+---------+-------+---------+---------+-------
